 Dungeon Crawl Stone Soup version 0.29.1-2-gbd0b4ee654 (webtiles) character file.

Game seed: 7613188672601593755

23 sanboga the Cudgeller (level 2, -3/27 HPs)
             Began as a Minotaur Monk on Nov 19, 2022.
             Killed from afar by Ijyb (13 damage)
             ... with an iceblast
             ... on level 3 of the Dungeon.
             The game lasted 00:01:56 (1340 turns).

sanboga the Cudgeller (Minotaur Monk)               Turns: 1340, Time: 00:01:57

Health: -3/27      AC:  3    Str: 21    XL:     2   Next: 75%
Magic:  1/1        EV: 12    Int:  7    God:
Gold:   21         SH:  0    Dex: 12    Spells: 1/1 levels left

rFire   . . .      SeeInvis .   a - +0 mace
rCold   . . .      Faith    .   (no shield)
rNeg    . . .      Spirit   .   b - +0 robe
rPois   .          Reflect  .   (helmet restricted)
rElec   .          Harm     .   (no cloak)
rCorr   .          Rampage  .   p - +0 pair of gloves
Will    .....                   (no boots)
Stlth   ++........              (no amulet)
HPRegen 0.09/turn               h - +6 ring of strength
MPRegen 0.07/turn               (no ring)

@: no status effects
A: horns 2, retaliatory headbutt
a: no special abilities


You were on level 3 of the Dungeon.
You visited 1 branch of the dungeon, and saw 3 of its levels.

You collected 79 gold pieces.
You spent 58 gold pieces at shops.

Inventory:

Hand Weapons
 a - a +0 mace (weapon)
Armour
 b - a +0 robe (worn)
 p - a +0 pair of gloves (worn)
Jewellery
 h - a +6 ring of strength (left hand)
 o - a ring of protection from fire
Scrolls
 f - a scroll of vulnerability {unknown}
 g - a scroll of magic mapping {unknown}
 i - a scroll of identify
 l - 2 scrolls of immolation {unknown}
 n - a scroll of blinking {unknown}
Potions
 c - a potion of ambrosia
 d - a potion of brilliance {unknown}
 e - a potion of cancellation {unknown}
 j - 2 potions of degeneration {unknown}
 k - a potion of curing {unknown}
 m - a potion of invisibility {unknown}


   Skills:
 + Level 4.0 Fighting
 * Level 4.3 Maces & Flails
 + Level 1.3 Armour
 - Level 3.2 Dodging
 - Level 1.5 Stealth


You had one spell level left.
You didn't know any spells.
Your spell library contained the following spells:

 Spells                   Type           Power      Damage    Failure   Level
 Freeze                   Ice            0%         1d3       43%         1
 Ensorcelled Hibernation  Hex/Ice        0%         N/A       56%         2
 Passwall                 Tmut/Erth      0%         N/A       56%         2
 Static Discharge         Conj/Air       0%         3-3/arc   56%         2
 Frozen Ramparts          Ice            0%         1d1       80%         3
 Swiftness                Air            0%         N/A       80%         3
 Dispel Undead            Necr           0%         3d6       99%         4
 Hailstorm                Conj/Ice       0%         3d3       99%         4
 Sticky Flame             Conj/Fire      0%         2d3       99%         4


Dungeon Overview and Level Annotations

Branches:
Dungeon (3/15)

Altars:

Shops:
D:1 [

Annotations:
D:3 Ijyb


Innate Abilities, Weirdness & Mutations

You have a pair of horns on your head.
You reflexively headbutt those who attack you in melee.


Message History

There is a stone staircase leading up here.
A ball python comes into view.
A ball python is nearby!
A ball python is nearby!
The ball python barely misses you. The ball python grabs you.
The ball python constricts you. The ball python barely misses you.
The ball python constricts you.
You closely miss the ball python. You headbutt the ball python.
You kill the ball python!
No target in view!
No target in view!
No target in view!
HP restored.
You see here a ball python corpse.
o - a ring of protection from fire No target in view!
A quokka comes into view.
A quokka is nearby!
A quokka is nearby!
Found a stone staircase leading up.
A quokka is nearby!
The helpless quokka fails to defend itself.
You hit the quokka.
The quokka is almost dead.
The quokka bites you. The quokka misses you.
You closely miss the quokka. Your headbutt misses the quokka.
You punch the quokka.
You kill the quokka!
Your Fighting skill increases to level 4!
You now have 21 gold pieces (gained 13).
Ijyb the Twisted Goblin comes into view.
She is wielding a +0 club and carrying a wand of iceblast (3).
There is a stone staircase leading up here.
Ijyb is nearby!
Found a scroll labelled CEXAMI VU VUISIDD.
Ijyb shouts!
Ijyb zaps a wand.
The mass of ice explodes!
The iceblast engulfs you!
Ijyb zaps a wand.
The mass of ice explodes!
The iceblast engulfs you!
There is a stone staircase leading up here.
Ijyb zaps a wand.
The mass of ice explodes!
The iceblast engulfs you!
You die...

.....................
#############.#######
#...........#........
##.########.#..###### #
##.# #.#..#######...# ##.#
#.#......†.....# ##.#
#†##.#.........# ##.######
#.##.#.######... ##.....<#
#.##..@....g..?.
###########.###########...
..........#.#..
#########.#.#.# #.#.#.#
#.#.#.###.# #.#.......#
#.###.##### #.# #.#


You could see Ijyb.

Vanquished Creatures
  4 ball pythons
  2 bats (D:2)
  2 endoplasms
  3 goblins
  A hobgoblin (D:2)
  2 quokkas
  A frilled lizard (D:2)
  5 kobolds
  A rat (D:1)
21 creatures vanquished.

Notes
Turn   | Place    | Note
-------+----------+-------------------------------------------
     0 | D:1      | sanboga the Minotaur Monk began the quest for the Orb.
     0 | D:1      | Reached XP level 1. HP: 19/19 MP: 0/0
   259 | D:1      | Found a faded altar of an unknown god.
   422 | D:1      | Found Zemahael's Armour Emporium.
   426 | D:1      | Reached XP level 2. HP: 26/27 MP: 1/1
   560 | D:2      | Reached skill level 1 in Armour
   748 | D:1      | Bought a +0 pair of gloves for 58 gold pieces
  1335 | D:3      | Noticed Ijyb
  1340 | D:3      | Killed from afar by Ijyb

Illustrated notes

Levels and vault maps discovered:
D:1:      dpeg_arrival_fog, layout_rooms, serial_shops, nicolae_lakefront_shop,
          shapermc_ecumenical_altar_pompeii
D:2:      layout_basic
D:3:      layout_basic, uniq_ijyb

Skill      XL: |  1  2 |
---------------+-------+-----
Maces & Flails | 4 |  4.3
Armour         | 1 |  1.3
Fighting       | 4 |  4.0
Dodging        | |  3.2
Stealth        | |  1.5

Action                   || total
-------------------------++-------
Melee: Mace              ||    36
       Headbutt          ||     3
       Punch             ||     1
  Use: Scroll            ||     1
 Stab: Sleeping          ||     6
Armor: Robe              ||     9
Dodge: Dodged            ||    23
